 Dungeon Crawl Stone Soup version 0.26.1-11-gd32895ea62 (webtiles) character file.

Game seed: 1516416255187580972

37 phalm the Skirmisher (level 3, -2/23 HPs)
             Began as a Gargoyle Monk on May 5, 2021.
             Slain by Natasha (4 damage)
             ... on level 2 of the Dungeon.
             The game lasted 00:02:36 (1572 turns).

phalm the Skirmisher (Gargoyle Monk)                Turns: 1572, Time: 00:02:37

Health: -2/23      AC:  6    Str: 14    XL:     3   Next: 41%
Magic:  4/4        EV: 13    Int: 11    God:
Gold:   39         SH:  0    Dex: 12    Spells: 3/3 levels left

rFire    . . .     SeeInvis .   a - +0 mace
rCold    . . .     Faith    .   (no shield)
rNeg     + . .     Spirit   .   b - +0 robe
rPois    ∞         Reflect  .   j - +0 hat
rElec    +         Harm     .   (no cloak)
rCorr    .         Rampage  .   f - +0 pair of gloves
Will     .....                  (no boots)
Stlth    ++........             h - amulet of inaccuracy (curse)
HPRegen  0.07/turn              (no ring)
MPRegen  0.09/turn              (no ring)

@: no status effects
A: negative energy resistance 1, electricity resistance, unbreathing,
petrification resistance, miasma immunity, AC +3
a: no special abilities


You were on level 2 of the Dungeon.
You visited 1 branch of the dungeon, and saw 2 of its levels.

You collected 39 gold pieces.


Innate Abilities, Weirdness & Mutations

You are resistant to torment.
Your stone body is resilient. (AC +3)
You are immune to poison.
You resist negative energy. (rN+)
You are resistant to electric shocks. (rElec)
You can survive without breathing.
You are immune to petrification.
You are immune to miasma.


   Skills:
 + Level 3.6 Fighting
 + Level 3.3 Maces & Flails
 + Level 1.2 Armour
 + Level 2.7 Dodging
 - Level 2.1 Stealth
 + Level 0.9 Spellcasting


You had 3 spell levels left.
You didn't know any spells.
Your spell library was empty.

Inventory:

Hand Weapons
 a - a +0 mace (weapon)
Missiles
 c - 100 stones (quivered)
Armour
 b - a +0 robe (worn)
 f - a +0 pair of gloves (worn)
   (You found it on level 1 of the Dungeon)
 j - a +0 hat (worn)
   (You found it on level 1 of the Dungeon)
Jewellery
 h - a cursed amulet of inaccuracy (around neck)
   (You found it on level 1 of the Dungeon)
Scrolls
 e - 2 scrolls of teleportation {unknown}
Potions
 d - 2 potions of heal wounds {unknown}
 g - a potion of might {unknown}
 i - a potion of attraction {unknown}

Dungeon Overview and Level Annotations

Branches:
Dungeon (2/15)

Altars:

Annotations:
D:2 Natasha

#..# #..# #..# ..#
.## ..# .. #.# .#
#h# ##.#### #@#
......#.########.#
......#.##.......#
......#>##.#######
......#.##.#
......#.##)#
......#.##.###
..†...#<.....#
#............#


You could see Natasha.


Message History

You barely miss the hobgoblin. The hobgoblin hits you.
The hobgoblin closely misses you. 😮 HP[-2]
You take 2 damage, and now have 15/23 hp.
You completely miss the hobgoblin. The hobgoblin barely misses you.
You sock the hobgoblin!
You kill the hobgoblin! 😮 HP[+1]
You see here a hobgoblin corpse.
You now have 39 gold pieces (gained 12).
You see here 13 arrows.
A bat comes into view. 😎 HP[+7]
Your hp is fully restored (23).
The bat closely misses you.
You hit the bat. The bat hits you but does no damage. x2
The bat hits you but does no damage.
You closely miss the bat. The bat hits you but does no damage.
The bat barely misses you. The bat closely misses you.
The bat hits you. 😕 HP[-1]
You take 1 damage, and now have 22/23 hp.
The bat hits you.
You sock the bat!
You kill the bat!
No target in view!
No target in view!
No target in view!
Found a stone staircase leading up. 😎 HP[+1]
Your hp is fully restored (23).
Found an escape hatch in the floor. 2 kobolds come into view.
The kobold shouts! x2
You miss the kobold. The kobold hits you but does no damage.
You miss the kobold. The kobold barely misses you.
You closely miss the kobold. The kobold misses you.
You thump the kobold!
You kill the kobold!
The kobold barely misses you.
You barely miss the kobold. The kobold hits you but does no damage.
You completely miss the kobold. The kobold barely misses you.
You barely miss the kobold. The kobold hits you but does no damage.
You closely miss the kobold. The kobold misses you.
You miss the kobold.
The kobold hits you but does no damage. x2
You miss the kobold. The kobold barely misses you.
You hit the kobold but do no damage. The kobold closely misses you.
You closely miss the kobold. The kobold hits you but does no damage.
You hit the kobold but do no damage. The kobold barely misses you.
The kobold hits you but does no damage.
You closely miss the kobold. The kobold hits you but does no damage.
You hit the kobold.
You kill the kobold!
You see here a +0 short sword.
Natasha, Servant of Life and Death comes into view.
Natasha hisses angrily.
Natasha barely misses you.
You miss Natasha.
Natasha stares at you and mumbles some strange words.
You feel yourself slow down.
You miss Natasha.
Natasha stares at you and mumbles some strange words.
You resist with significant effort. Natasha claws you. 😕 HP[-3]
You take 3 damage, and now have 20/23 hp.
You miss Natasha. Natasha closely misses you.
You miss Natasha. Natasha misses you. Natasha barely misses you.
You barely miss Natasha.
Natasha stares at you and mumbles some strange words.
The magic dart hits you. Natasha claws you.
* * * LOW HITPOINT WARNING * * *
😨 HP[-10]
You take 10 damage, and now have 10/23 hp.
MASSIVE DAMAGE!! (PAUSE)
You barely miss Natasha. Natasha claws you but does no damage.
Natasha closely misses you.
You completely miss Natasha. Natasha claws you but does no damage.
Natasha barely misses you.
You miss Natasha. Natasha barely misses you.
You completely miss Natasha. Natasha barely misses you.
Natasha claws you but does no damage. 😨 HP[+1]
You barely miss Natasha. Natasha completely misses you.
Natasha closely misses you.
You barely miss Natasha. Natasha misses you.
Natasha howls an incantation.
Natasha's front paws start to glow.
Natasha misses you.
You closely miss Natasha.
You feel yourself speed up. Natasha claws you.
* * * LOW HITPOINT WARNING * * *
Natasha claws you.
* * * LOW HITPOINT WARNING * * *
😱 HP[-9]
You take 9 damage, and now have 2/23 hp.
MASSIVE DAMAGE!! (PAUSE)
You barely miss Natasha. Natasha claws you.
You die...

Skill      XL: |  1  2 |
---------------+-------+-----
Armour         | 1 |  1.2
Fighting       | |  3.6
Maces & Flails | |  3.3
Dodging        | |  2.7
Stealth        | |  2.1
Spellcasting   | |  0.9

Action                   || total
-------------------------++-------
Melee: Mace              ||   112
 Stab: Sleeping          ||     3
Armor: Robe              ||    48
Dodge: Dodged            ||    91

Levels and vault maps discovered:
D:1:      evilmike_arrival_plus, layout_loops_corners
D:2:      layout_loops_ring, bloody_trog, uniq_natasha

Notes
Turn   | Place    | Note
-------+----------+-------------------------------------------
     0 | D:1      | phalm the Gargoyle Monk began the quest for the Orb.
     0 | D:1      | Reached XP level 1. HP: 14/14 MP: 1/1
     0 | D:1      | magus.rc [v1.9.10]
   287 | D:1      | Reached XP level 2. HP: 14/19 MP: 2/2
   971 | D:1      | Reached skill level 1 in Armour
   973 | D:1      | Reached XP level 3. HP: 23/23 MP: 4/4
  1557 | D:2      | Noticed Natasha
  1571 | D:2      | HP: 2/23 [Natasha (5)]
  1572 | D:2      | Slain by Natasha

Vanquished Creatures
  5 bats
  2 giant cockroaches (D:1)
  3 goblins
  4 hobgoblins
  5 jackals (D:1)
  2 ball pythons
  A frilled lizard (D:1)
  6 kobolds
  4 rats (D:1)
32 creatures vanquished.

Table legend:
 A = Non-vault XP
 B = Vault XP
 C = Vault XP percentage of total XP
 D = Non-vault monster count
 E = Vault monster count
 F = Vault count percentage of total count
                 A         B        C        D         E       F
            +---------+---------+-------+---------+---------+-------
      Total |      54 |       0 |   0.0 |      32 |       0 |   0.0
            +---------+---------+-------+---------+---------+-------
        D:1 |      43 |       0 |   0.0 |      26 |       0 |   0.0
        D:2 |      11 |       0 |   0.0 |       6 |       0 |   0.0
            +---------+---------+-------+---------+---------+-------

Illustrated notes

Table legend:
 A = Kills in this place as a percentage of kills in entire the game.
 B = Kills by you in this place as a percentage of kills by you in the entire game.
 C = Kills by friends in this place as a percentage of kills by friends in the entire game.
 D = Other kills in this place as a percentage of other kills in the entire game.
 E = Experience gained in this place as a percentage of experience gained in the entire game.
 F = Experience gained in this place divided by the number of levels of this place that you have seen.
                   A       B       C       D       E      F
               +-------+-------+-------+-------+-------+----------------------
         Total | 100.0 | 100.0 |   N/A |   N/A | 100.0 |  27.0
       Dungeon | 100.0 | 100.0 |   N/A |   N/A | 100.0 |  27.0
               +-------+-------+-------+-------+-------+----------------------

Table legend: (Time is in decaauts)
 A = Elapsed time spent in this place.
 B = Non-inter-level travel time spent in this place.
 C = Inter-level travel time spent in this place.
 D = Time resting spent in this place.
 E = Time spent auto-exploring this place.
 F = Levels seen in this place.
 G = Mean time per level.
                   A        B        C        D        E       F      G
               +--------+--------+--------+--------+--------+-----+--------+
         Total |   1604 |   1572 |     32 |      0 |   1296 |   2 |  802.0 |
       Dungeon |   1604 |   1572 |     32 |      0 |   1296 |   2 |  802.0 |
               +--------+--------+--------+--------+--------+-----+--------+

Top non-repeatable levels by time:
     D:1: 1376 daAuts
     D:2: 227 daAuts
